 Dungeon Crawl Stone Soup version 0.29-a0-337-g68df138881 (webtiles) character file.

Game seed: 2047349628651152143

819 kevlar127 the Ruffian (level 7, -5/72 HPs)
             Began as a Troll Berserker on Apr 17, 2022.
             Was a Priest of Trog.
             Slain by a gnoll
             ... wielding a +0 halberd
              (12 damage)
             ... on level 5 of the Dungeon.
             The game lasted 00:28:21 (4822 turns).

kevlar127 the Ruffian (Troll Berserker)             Turns: 4822, Time: 00:28:24

Health: -5/72      AC:  4    Str: 28    XL:     7   Next: 63%
Magic:  6/6        EV: 10    Int:  3    God:    Trog [***...]
Gold:   235        SH:  0    Dex:  9    Spells: 6/6 levels left

rFire   + . .      SeeInvis .     - Unarmed
rCold   . . .      Faith    .   (no shield)
rNeg    . . .      Spirit   .   a - +0 animal skin
rPois   +          Reflect  .   (helmet restricted)
rElec   .          Harm     .   (no cloak)
rCorr   .          Rampage  .   (gloves unavailable)
Will    ++...                   (boots unavailable)
Stlth   +.........              (no amulet)
HPRegen 2.02/turn               i - ring of poison resistance
MPRegen 0.10/turn               s - ring of protection from fire

@: strong-willed (expiring), on berserk cooldown, regenerating (expiring),
slowed, very slow
A: large, unfitting armour, claws 3, regeneration 1, shaggy fur 1, tough skin 1
a: Renounce Religion, Berserk, Trog's Hand


You were on level 5 of the Dungeon.
You worshipped Trog.
Trog was most pleased with you.
You visited 1 branch of the dungeon, and saw 5 of its levels.

You collected 235 gold pieces.

Inventory:

Missiles
 b - 90 stones (quivered)
 h - a throwing net
Armour
 a - a +0 animal skin (worn)
 v - a +0 helmet
Jewellery
 i - a ring of poison resistance (left claw)
 r - a ring of poison resistance
 s - a ring of protection from fire (right claw)
Wands
 l - a wand of paralysis (8)
 n - a wand of acid (4)
 x - a wand of flame (15)
Scrolls
 e - 5 scrolls of identify {unknown}
 f - a scroll of teleportation {unknown}
 j - a scroll of fog {unknown}
 o - 2 scrolls of fear {unknown}
 t - 2 scrolls of immolation {unknown}
 u - a scroll of holy word {unknown}
 y - a scroll of enchant weapon {unknown}
Potions
 c - a potion of haste {unknown}
 d - a potion of magic {unknown}
 g - 2 potions of brilliance {unknown}
 k - 2 potions of heal wounds {unknown}
 m - a potion of resistance {unknown}
 p - 3 potions of attraction {unknown}
 q - a potion of curing {unknown}
 w - a potion of mutation {unknown}
 z - a potion of cancellation {unknown}


   Skills:
 * Level 5.1 Fighting
 + Level 3.1 Throwing
 - Level 2.6 Dodging
 * Level 6.2 Unarmed Combat


You had 6 spell levels left.
You didn't know any spells.
Your spell library contained the following spells:

 Spells                   Type           Power      Damage    Failure   Level
 Animate Skeleton         Necr           0%         N/A       52%         1
 Pain                     Necr           0%         1d4       52%         1
 Frozen Ramparts          Ice            0%         1d2       88%         3
 Gell's Gravitas          Tloc           0%         N/A       88%         3
 Lesser Beckoning         Tloc           0%         N/A       88%         3
 Teleport Other           Tloc           0%         N/A       88%         3
 Vampiric Draining        Necr           0%         2d6       88%         3
 Ice Form                 Ice/Tmut       0%         N/A       99%         4
 Summon Ice Beast         Ice/Summ       0%         N/A       99%         4
 Fireball                 Conj/Fire      0%         3d3       100%        5
 Dispersal                Tloc           0%         N/A       100%        6
 Starburst                Conj/Fire      0%         6d3       100%        6
 Ignition                 Fire           0%         3d3       100%        8


Dungeon Overview and Level Annotations

Branches:
Dungeon (5/15)             Temple (0/1) D:5

Altars:
Cheibriados
Elyvilon
Gozag
Kikubaaqudgha
Makhleb
Okawaru
Sif Muna
Trog
Uskayaw


Innate Abilities, Weirdness & Mutations

You are too large for most types of armour.
You have claws for hands.
Your natural rate of healing is unusually fast.
You are covered in fur. (AC +1)
You have tough skin. (AC +1)


Message History

The gnoll hits you with a +0 whip. The gnoll hits you but does no damage.
You mangle the gnoll!!
You kill the gnoll!
Trog accepts your kill.
The gnoll hits you from afar with a +0 halberd!
The gnoll hits you from afar with a +0 halberd.
The gnoll hits you with a +0 whip.
You claw the gnoll shaman!
The gnoll shaman is heavily wounded.
The gnoll hits you but does no damage.
You mangle the gnoll shaman!!
You kill the gnoll shaman!
Trog accepts your kill.
The gnoll hits you from afar with a +0 spear.
The gnoll hits you from afar with a +0 halberd!
* * * LOW HITPOINT WARNING * * *
The gnoll barely misses you.
You mangle the gnoll!!
You kill the gnoll!
Trog accepts your kill.
You are no longer berserk.
You are exhausted.
You feel yourself slow down. The gnoll misses you.
The gnoll barely misses you. x2
You closely miss the gnoll.
You feel the effects of Trog's Hand fading.
The gnoll barely misses you. The gnoll hits you with a +0 spear.
The gnoll hits you with a +0 halberd!
* * * LOW HITPOINT WARNING * * *
The gnoll barely misses you.
The gnoll hits you from afar with a +0 spear!
* * * LOW HITPOINT WARNING * * *
The gnoll closely misses you.
You claw the gnoll!
The gnoll is almost dead.
The gnoll hits you with a +0 halberd.
* * * LOW HITPOINT WARNING * * *
The gnoll barely misses you. The gnoll completely misses you.
The gnoll hits you with a +0 halberd!
You die...

#.......... #........#
##........## #........#
#........?># #........#
#..........# #........# #
...........#### #........# #
#.............###........# #
#..........##............###
##.......gg##...............
##......#g@....######..#...
#..#####.)...## ##...8. ....
.....##..# ##..⌠. .###
#######....# ##... #......#
##.. #.##....# #.. #. ##..##
#.. #. $...# ### #. ##..
####


You could see 3 gnolls.

Vanquished Creatures
  Sigmund (D:3)
  Menkaure (D:4)
  A scorpion (D:4)
  A howler monkey (D:5)
  A hound (D:5)
  A gnoll shaman (D:5)
  Jessica (D:2)
  2 iguanas (D:5)
  2 orc wizards (D:4)
  Robin (D:4)
  5 gnolls (D:5)
  6 adders
  5 worms
  4 dart slugs
  8 orcs
  8 endoplasms
  2 giant cockroaches (D:2)
  10 goblins
  6 hobgoblins
  3 jackals (D:2)
  6 kobolds
  6 quokkas
  13 ball pythons
  4 bats
  5 frilled lizards
  8 rats
111 creatures vanquished.

Vanquished Creatures (others)
  A plant (D:3)
1 creature vanquished.

Grand Total: 112 creatures vanquished

Notes
Turn   | Place    | Note
-------+----------+-------------------------------------------
     0 | D:1      | kevlar127 the Troll Berserker began the quest for the Orb.
     0 | D:1      | Reached XP level 1. HP: 22/22 MP: 0/0
    35 | D:1      | Reached XP level 2. HP: 29/29 MP: 1/1
   917 | D:1      | Reached XP level 3. HP: 36/36 MP: 2/2
   989 | D:2      | Reached ** piety under Trog
  1049 | D:2      | Noticed Jessica
  1054 | D:2      | Killed Jessica
  1165 | D:2      | Reached skill level 1 in Throwing
  1165 | D:2      | Reached XP level 4. HP: 45/45 MP: 3/3
  1402 | D:2      | Reached skill level 4 in Unarmed Combat
  1456 | D:2      | Found a faded altar of an unknown god.
  1722 | D:2      | Reached XP level 5. HP: 50/53 MP: 4/4
  2319 | D:3      | Reached *** piety under Trog
  2607 | D:3      | Found a shimmering blue altar of Sif Muna.
  2607 | D:3      | Found an opulent altar of Gozag.
  2607 | D:3      | Found a hide-covered altar of Uskayaw.
  2607 | D:3      | Found a snail-covered altar of Cheibriados.
  2607 | D:3      | Noticed Sigmund
  2617 | D:3      | Killed Sigmund
  2618 | D:3      | Reached skill level 5 in Unarmed Combat
  2618 | D:3      | Reached XP level 6. HP: 48/62 MP: 5/5
  2637 | D:3      | Found an iron altar of Okawaru.
  2637 | D:3      | Found a white marble altar of Elyvilon.
  2770 | D:3      | Found a bloodstained altar of Trog.
  3143 | D:4      | Found a burning altar of Makhleb.
  3173 | D:4      | Noticed Robin
  3179 | D:4      | Killed Robin
  3516 | D:4      | Found an ancient bone altar of Kikubaaqudgha.
  3645 | D:4      | Noticed Menkaure
  3652 | D:4      | HP: 1/94 [Menkaure (22)]
  3654 | D:4      | Killed Menkaure
  3655 | D:4      | Reached XP level 7. HP: 3/71 MP: 6/6
  4696 | D:5      | Entered Level 5 of the Dungeon
  4741 | D:5      | Found a staircase to the Ecumenical Temple.
  4774 | D:5      | Reached skill level 6 in Unarmed Combat
  4813 | D:5      | Reached skill level 5 in Fighting
  4822 | D:5      | Slain by a gnoll

Illustrated notes

Levels and vault maps discovered:
D:1:      co_arrival_two_rings, layout_basic, minmay_tromino_mix6
D:2:      layout_loops_corners, nicolae_ecumenical_snake_handling, uniq_jessica
D:3:      layout_loops_ring, trog_butcher_becter, minmay_overflow_temple_hex,
          minmay_shallow_snake_nest, uniq_sigmund
D:4:      layout_basic, mainiacjoe_overflow_24_doors, kiku_gazebo_pond_becter,
          wad_floor_pattern_untrapped, uniq_robin, uniq_menkaure
D:5:      layout_rooms, minmay_temple_entry_drinking_statues, minivault_24

Skill      XL: |  1  2  3  4  5  6  7 |
---------------+----------------------+-----
Fighting       | 3 4 5 |  5.1
Throwing       | 1 2 3 |  3.1
Unarmed Combat | 4 5 6 |  6.2
Dodging        | |  2.6

Action                   |  1- 3 |  4- 6 |  7- 9 || total
-------------------------+-------+-------+-------++-------
Melee: Unarmed           |    69 |   160 |    41 ||   270
       Punch             |       |     2 |     3 ||     5
Throw: Stone             |       |     2 |       ||     2
Invok: Berserk           |     1 |     4 |     1 ||     6
       Trog's Hand       |       |     2 |     2 ||     4
 Stab: Sleeping          |       |       |     1 ||     1
Armor: Animal skin       |    21 |    37 |     9 ||    67
Dodge: Dodged            |    37 |    79 |    24 ||   140

Table legend: (Time is in decaauts)
 A = Elapsed time spent in this place.
 B = Non-inter-level travel time spent in this place.
 C = Inter-level travel time spent in this place.
 D = Time resting spent in this place.
 E = Time spent auto-exploring this place.
 F = Levels seen in this place.
 G = Mean time per level.
                   A        B        C        D        E       F      G
               +--------+--------+--------+--------+--------+-----+--------+
         Total |   4845 |   4574 |    271 |   1219 |   2673 |   5 |  969.0 |
       Dungeon |   4845 |   4574 |    271 |   1219 |   2673 |   5 |  969.0 |
               +--------+--------+--------+--------+--------+-----+--------+

Top non-repeatable levels by time:
     D:4: 1689 daAuts
     D:2: 1193 daAuts
     D:1: 923 daAuts
     D:3: 918 daAuts
     D:5: 121 daAuts
